 Dungeon Crawl Stone Soup version 0.29-a0-512-gf59ac788ac (webtiles) character file.

Game seed: 12000453810273326067

707 kyalle the Skirmisher (level 7, -2/64 HPs)
             Began as a Minotaur Fighter on May 29, 2022.
             Succumbed to an orc warrior's poison
             ... on level 7 of the Dungeon.
             The game lasted 00:15:14 (3984 turns).

kyalle the Skirmisher (Minotaur Fighter)            Turns: 3984, Time: 00:15:15

Health: -2/64      AC: 16    Str: 23    XL:     7   Next: 39%
Magic:  6/6        EV:  9    Int:  5    God:
Gold:   175        SH:  9    Dex:  9    Spells: 6/6 levels left

rFire   . . .      SeeInvis .   q - +2 short sword (venom)
rCold   . . .      Faith    .   c - +0 buckler
rNeg    . . .      Spirit   .   b - +0 scale mail
rPois   .          Reflect  +   (helmet restricted)
rElec   .          Harm     .   e - +2 cloak
rCorr   .          Rampage  .   (no gloves)
Will    .....                   x - +1 pair of boots
Stlth   ..........              k - amulet of reflection
HPRegen 0.20/turn               o - +4 ring of protection
MPRegen 0.10/turn               (no ring)

@: lethally poisoned (-2 -> -13)
A: horns 2, retaliatory headbutt
a: no special abilities


You were on level 7 of the Dungeon.
You visited 1 branch of the dungeon, and saw 5 of its levels.
You also visited: Sewer.

You collected 175 gold pieces.

Inventory:

Hand Weapons
 a - a +1 long sword
 q - a +2 short sword of venom (weapon)
 t - a +0 short sword of flaming
Missiles
 u - 16 poisoned darts (quivered)
Armour
 b - a +0 scale mail (worn)
 c - a +0 buckler (worn)
 e - a +2 cloak (worn)
 x - a +1 pair of boots (worn)
Jewellery
 k - an amulet of reflection (around neck)
 o - a +4 ring of protection (left hand)
Scrolls
 j - 2 scrolls of teleportation
 l - a scroll of summoning {unknown}
 r - 2 scrolls of poison {unknown}
 v - a scroll of magic mapping
 w - a scroll of identify
Potions
 d - 2 potions of might
 f - 3 potions of curing
 g - a potion of ambrosia {unknown}
 h - a potion of attraction {unknown}
 i - 2 potions of degeneration {unknown}
 m - 3 potions of resistance
 p - a potion of heal wounds {unknown}
 s - 6 potions of haste


   Skills:
 * Level 6.8 Fighting
 * Level 3.5(4.4) Short Blades
 - Level 4.3(5.1) Long Blades
 + Level 5.3 Armour
 + Level 5.3 Shields


You had 6 spell levels left.
You didn't know any spells.
Your spell library contained the following spells:

 Spells                   Type           Power      Damage    Failure   Level
 Sting                    Tmut/Pois      0%         1d3       86%         1
 Poisonous Vapours        Pois/Air       0%         N/A       94%         2
 Gell's Gravitas          Tloc           0%         N/A       99%         3
 Teleport Other           Tloc           0%         N/A       99%         3
 Olgreb's Toxic Radiance  Pois           0%         N/A       100%        4
 Dispersal                Tloc           0%         N/A       100%        6
 Malign Gateway           Summ/Tloc      0%         N/A       100%        7
 Summon Horrible Things   Summ           0%         N/A       100%        8


Dungeon Overview and Level Annotations

Branches:
Dungeon (7/15)              Sewer (visited)
 Temple: D:4-7

Altars:
Dithmenos
Sif Muna
Uskayaw
Vehumet
Zin
Beogh


Innate Abilities, Weirdness & Mutations

You have a pair of horns on your head.
You reflexively headbutt those who attack you in melee.


Message History

The gnoll is moderately wounded.
You block the orc warrior's attack. The gnoll hits you with a +0 spear.
The orc hits you but does no damage. The gnoll hits you with a +0 spear.
The gnoll sergeant hits you but does no damage.
You hit the orc but do no damage. Your headbutt misses the orc.
The orc warrior hits you from afar with a +2 halberd of venom!
You are poisoned.
The gnoll hits you but does no damage. The orc hits you but does no damage.
You block the gnoll's attack.
The gnoll sergeant hits you but does no damage.
You feel very sick.
The orc warrior hits you from afar with a +2 halberd of venom!
* * * LOW HITPOINT WARNING * * *
You are lethally poisoned!
The gnoll hits you but does no damage.
Things that are here:
a +0 whip; an orc corpse You feel better.
You block the orc warrior's attack. You block the gnoll's attack.
The orc hits you but does no damage. You block the gnoll's attack.
The gnoll sergeant hits you from afar with a +3 spear of freezing.
The gnoll sergeant freezes you. The orc attacks as you move away!
The orc hits you but does no damage. The gnoll hits you with a +0 spear.
* * * LOW HITPOINT WARNING * * *
You hit the gnoll.
The gnoll looks as sick as possible!
You headbutt the gnoll.
You kill the gnoll!
The orc warrior hits you from afar with a +2 halberd of venom!
* * * LOW HITPOINT WARNING * * *
You are lethally poisoned!
The orc hits you but does no damage. The gnoll hits you but does no damage.
You block the gnoll sergeant's attack.
You feel better.
The orc warrior hits you from afar with a +2 halberd of venom!
* * * LOW HITPOINT WARNING * * *
You are lethally poisoned!
You block the orc's attack. The gnoll barely misses you.
The gnoll sergeant hits you but does no damage.
You completely miss the orc.
You die...

##.#......## #
#..##......# ##
##.######...#
.###..# ##....##
..#..####.....#
.....##.....#.##
.............)g###
..............go.#
.........#....o)@#
[.......##.......#
.......###.......#
.......# #.......#
(......# #......##
.......# ##.....#
.......# #.....#
......## ##...#
......#


You could see an orc warrior, a gnoll sergeant, a gnoll (poisoned) and an orc.

Vanquished Creatures
  A water moccasin (D:7)
  3 kobold brigands (Sewer)
  A necrophage (D:4)
  An orc priest (D:7)
  A jelly (D:7)
  2 orc wizards (D:4)
  4 adders (D:3)
  2 gnolls (D:7)
  2 river rats (D:3)
  A shadow imp (D:7)
  An ufetubus (D:7)
  4 worms
  9 orcs
  17 ball pythons
  14 endoplasms
  2 giant cockroaches
  8 goblins
  7 hobgoblins
  A quokka (D:1)
  5 bats
  5 frilled lizards
  13 kobolds
  6 rats
110 creatures vanquished.

Vanquished Creatures (others)
  A fungus (Sewer)
  3 plants (Sewer)
4 creatures vanquished.

Grand Total: 114 creatures vanquished

Notes
Turn   | Place    | Note
-------+----------+-------------------------------------------
     0 | D:1      | kyalle the Minotaur Fighter began the quest for the Orb.
     0 | D:1      | Reached XP level 1. HP: 19/19 MP: 0/0
     2 | D:1      | Noticed a vampire
     2 | D:1      | Noticed a demigod
     4 | D:1      | Noticed a formicid
     4 | D:1      | Noticed a spriggan
     6 | D:1      | Noticed a felid
     8 | D:1      | Noticed a merfolk
     8 | D:1      | Noticed a minotaur
    10 | D:1      | Noticed a draconian
    12 | D:1      | Noticed a ghoul
    14 | D:1      | Noticed a naga
    14 | D:1      | Noticed a demonspawn
    16 | D:1      | Noticed a troll
    16 | D:1      | Noticed a dwarf
    18 | D:1      | Noticed a gargoyle
    20 | D:1      | Noticed a vine stalker
    22 | D:1      | Noticed an octopode
    22 | D:1      | Noticed an elf
    24 | D:1      | Noticed a human
    24 | D:1      | Noticed an ogre
    26 | D:1      | Noticed a tengu
   235 | D:1      | Reached XP level 2. HP: 23/27 MP: 1/1
   449 | D:1      | Reached skill level 4 in Fighting
  1298 | D:2      | Found a glowing silver altar of Zin.
  1307 | D:2      | Reached XP level 3. HP: 33/33 MP: 2/2
  1887 | D:3      | Found a shimmering blue altar of Sif Muna.
  2020 | D:3      | Reached XP level 4. HP: 34/41 MP: 3/3
  2060 | D:3      | Found a glowing drain.
  2064 | Sewer    | Entered a sewer
  2121 | Sewer    | Noticed a kobold brigand
  2134 | Sewer    | Killed a kobold brigand
  2135 | Sewer    | Reached skill level 5 in Fighting
  2135 | Sewer    | Reached XP level 5. HP: 17/48 MP: 4/4
  2494 | Sewer    | Reached skill level 1 in Short Blades
  2558 | Sewer    | Reached XP level 6. HP: 50/57 MP: 5/5
  3052 | D:3      | Found a hide-covered altar of Uskayaw.
  3189 | D:3      | Found a faded altar of an unknown god.
  3292 | D:4      | Reached skill level 6 in Fighting
  3308 | D:4      | Reached skill level 5 in Armour
  3308 | D:4      | Reached skill level 5 in Shields
  3478 | D:4      | Found a radiant altar of Vehumet.
  3513 | D:4      | You fall into a shaft and drop 3 floors!
  3528 | D:7      | Found a shadowy altar of Dithmenos.
  3552 | D:7      | Reached XP level 7. HP: 56/64 MP: 6/6
  3983 | D:7      | HP: 1/64 [orc warrior/+2 halberd of venom (11)]
  3984 | D:7      | Succumbed to an orc warrior's poison

Illustrated notes

Levels and vault maps discovered:
D:1:      kb_arrival_jail, layout_loops_ring
D:2:      layout_basic, basic_altar
D:3:      layout_rooms, nicolae_uskayaw_suspiria, lemuel_tele_altar,
          lightli_sewer_entry_pipes, hellmonk_ecumenical_altar_defaced_shrine
D:4:      layout_rooms, kennysheep_little_box, minmay_manual_moon
D:7:      layout_cave_pods, nicolae_dithmenos_through_a_glass_darkly,
          tso_oasis_becter, grunt_decor_junction, minivault_27

Skill      XL: |  1  2  3  4  5  6  7 |
---------------+----------------------+-----
Long Blades    | 3 4 |  4.3
Fighting       | 4 5 6 |  6.8
Shields        | 4 5 |  5.3
Armour         | 4 5 |  5.3
Short Blades   | 1 2 3 |  3.5

Action                   |  1- 3 |  4- 6 |  7- 9 || total
-------------------------+-------+-------+-------++-------
Melee: Long sword        |    89 |    35 |       ||   124
       Headbutt          |    11 |    26 |     4 ||    41
       Short sword       |       |   126 |    29 ||   155
  Use: Scroll            |     2 |     6 |     1 ||     9
       Potion            |       |     1 |     2 ||     3
Armor: Scale mail        |    32 |    62 |    21 ||   115
Dodge: Dodged            |    22 |    49 |    16 ||    87
Block: Buckler           |    29 |    79 |    25 ||   133
       Reflection        |       |     3 |       ||     3

Table legend: (Time is in decaauts)
 A = Elapsed time spent in this place.
 B = Non-inter-level travel time spent in this place.
 C = Inter-level travel time spent in this place.
 D = Time resting spent in this place.
 E = Time spent auto-exploring this place.
 F = Levels seen in this place.
 G = Mean time per level.
                   A        B        C        D        E       F      G
               +--------+--------+--------+--------+--------+-----+--------+
         Total |   4078 |   3805 |    273 |    227 |   2496 |   6 |  679.7 |
       Dungeon |   3366 |   3093 |    273 |      0 |   2184 |   5 |  673.2 |
         Sewer |    711 |    711 |      0 |    227 |    311 |   1 |  711.0 |
               +--------+--------+--------+--------+--------+-----+--------+

Top non-repeatable levels by time:
     D:1: 1063 daAuts
     D:2: 828 daAuts
     D:3: 749 daAuts
   Sewer: 711 daAuts
     D:7: 468 daAuts
     D:4: 257 daAuts
